[Event "December 12 Early 2023"]
[Site "https://www.chess.com"]
[Date "2023.12.12"]
[Round "10"]
[White "Shuvalov, Evgenij"]
[Black "yaguigor"]
[Result "0-1"]
[Board "71"]
[TimeControl "180+1"]
[WhiteFideId "4187237"]
[WhiteElo "2579"]
[BlackElo "2447"]
[WhiteTeam "FID"]
[WhiteClock "0:00:20"]
[BlackClock "0:00:18"]

1. d4 d5 2. c4 c6 3. Nc3 Nf6 4. e3 e6 5. Nf3 Nbd7 6. Be2 Bd6 7. O-O O-O 8. b3 b6 9. Bb2 Bb7 10. Bd3 c5 11. cxd5 exd5 12. Qe2 a6 13. Rfd1 Re8 14. Rac1 Qe7 15. Na4 Ne4 16. Ne5 Nxe5 17. dxe5 Bxe5 18. Bxe5 Qxe5 19. Nxb6 Rad8 20. Na4 d4 21. Bxa6 Bxa6 22. Qxa6 Nxf2 23. Kxf2 Qxe3+ 24. Kf1 Re6 25. Rc3 Qf4+ 26. Rf3 Qxf3+ 27. gxf3 Rxa6 28. Rd2 c4 29. Nc5 Rc6 30. Ne4 c3 31. Rc2 f5 32. Nf2 d3 33. Nxd3 Rxd3 34. Ke2 Rcd6 35. Rc1 f4 36. b4 Re3+ 37. Kf1 Rxf3+ 38. Kg2 Re3 39. b5 Rd2+ 40. Kf1 c2 41. Re1 Rxe1+ 42. Kxe1 c1=Q# 0-1

[Event "December 12 Early 2023"]
[Site "https://www.chess.com"]
[Date "2023.12.12"]
[Round "10"]
[White "Semenova, Alina"]
[Black "Belov, Alexei"]
[Result "1-0"]
[Board "72"]
[TimeControl "180+1"]
[WhiteFideId "24113875"]
[BlackFideId "4128206"]
[WhiteElo "2236"]
[BlackElo "2578"]
[WhiteTeam "RUS"]
[BlackTeam "RUS"]
[WhiteClock "0:00:03"]
[BlackClock "0:00:12"]

1. e4 e6 2. d4 d5 3. exd5 exd5 4. Nf3 Nf6 5. Bd3 c5 6. dxc5 Bxc5 7. O-O O-O 8. Nbd2 Nc6 9. Nb3 Bb6 10. h3 h6 11. c3 Re8 12. Bf4 Ne4 13. Nbd4 Qf6 14. Be3 Bd7 15. Re1 Rad8 16. Qc2 Rc8 17. Nxc6 Bxc6 18. Bxb6 axb6 19. Nd4 Nc5 20. Bf5 Rcd8 21. Rad1 g6 22. Bd3 Rc8 23. Qd2 Ne4 24. Bxe4 dxe4 25. Qxh6 Bd5 26. a3 Re5 27. Qe3 Bc4 28. Nf3 Re7 29. Nd2 Bd3 30. f3 Rce8 31. fxe4 Bc2 32. Rc1 Ba4 33. Qd4 Qg5 34. Nf3 Qg3 35. Qxa4 f5 36. Qc4+ Kh7 37. Qf1 fxe4 38. Nd4 e3 39. Qf3 Qc7 40. Re2 Rf7 41. Qg4 Qe5 42. Rce1 Qf6 43. Kh2 Qe5+ 44. Qg3 Qf6 45. Rxe3 Rxe3 46. Qxe3 Qd6+ 47. Qe5 Qd8 48. Re4 Qf6 49. Qxf6 Rxf6 50. Re7+ Kh6 51. Rxb7 Rd6 52. a4 Kg5 53. b4 Kf4 54. a5 bxa5 55. bxa5 Ra6 56. Rb5 Ke4 57. Nb3 Ra7 58. a6 Kd3 59. Nc5+ Kc4 60. Rb7 Ra8 61. Ne4 Rxa6 62. g4 Kd3 63. Nc5+ 1-0

[Event "December 12 Early 2023"]
[Site "https://www.chess.com"]
[Date "2023.12.12"]
[Round "10"]
[White "Topalov, Aleksandar"]
[Black "Kazakouski, Valery"]
[Result "0-1"]
[Board "73"]
[TimeControl "180+1"]
[WhiteFideId "925659"]
[BlackFideId "13507443"]
[WhiteElo "2395"]
[BlackElo "2822"]
[WhiteTeam "SRB"]
[BlackTeam "LTU"]
[WhiteClock "0:00:01"]
[BlackClock "0:00:23"]

1. b3 Nf6 2. Bb2 d5 3. Nf3 Bg4 4. g3 Bxf3 5. exf3 e6 6. d4 c5 7. dxc5 Bxc5 8. Bd3 Nc6 9. O-O O-O 10. Nd2 Rc8 11. a3 Bd4 12. c3 Bb6 13. f4 Qe7 14. Qe2 Rfd8 15. Rfe1 Qc7 16. h3 Nb8 17. Nf3 Nbd7 18. c4 Nc5 19. Bxf6 gxf6 20. Bc2 d4 21. Red1 d3 22. Bxd3 Nxb3 23. Bxh7+ Kg7 24. Rab1 Qxc4 25. Bd3 Qc3 26. g4 Nd4 27. Nxd4 Rxd4 28. g5 Rxf4 29. gxf6+ Qxf6 30. Rb2 Rxf2 31. Kh1 Rxe2 0-1

[Event "December 12 Early 2023"]
[Site "https://www.chess.com"]
[Date "2023.12.12"]
[Round "10"]
[White "Asish Panda"]
[Black "Bardyk, Artem"]
[Result "0-1"]
[Board "74"]
[TimeControl "180+1"]
[WhiteFideId "45012458"]
[BlackFideId "34349979"]
[WhiteElo "2536"]
[BlackElo "2741"]
[WhiteTeam "IND"]
[BlackTeam "RUS"]
[WhiteClock "0:00:41"]
[BlackClock "0:01:05"]

1. e4 d6 2. g3 h6 3. Bg2 Nd7 4. Ne2 g5 5. Nd4 Bg7 6. Nf5 Bf6 7. d4 Nf8 8. Ne3 Ng6 9. c4 h5 10. Nc3 h4 11. Bd2 Bxd4 12. Qe2 h3 13. Bf3 Ne5 14. g4 Nf6 15. Nf5 Bxf5 16. exf5 c6 17. Bxg5 Rg8 18. Bxf6 Bxc3+ 19. bxc3 exf6 20. O-O-O Qa5 21. Kb2 O-O-O 22. Be4 Rge8 23. f4 Nxg4 24. Qxg4 Rxe4 25. Rd2 Rxc4 26. Rc1 d5 27. Qg7 d4 28. Rdc2 dxc3+ 29. Ka1 Qxf5 30. Qxf7 Qxc2 31. Qe6+ Kb8 0-1

[Event "December 12 Early 2023"]
[Site "https://www.chess.com"]
[Date "2023.12.12"]
[Round "10"]
[White "Estrada Nieto, Julian"]
[Black "Golubev, Mikhail"]
[Result "1-0"]
[Board "75"]
[TimeControl "180+1"]
[WhiteFideId "5101018"]
[BlackFideId "14100983"]
[WhiteElo "2526"]
[BlackElo "2635"]
[WhiteTeam "ESP"]
[BlackTeam "UKR"]
[WhiteClock "0:00:07"]
[BlackClock "0:00:00"]

1. e4 c5 2. Nf3 d6 3. Bb5+ Bd7 4. Bxd7+ Qxd7 5. O-O Nf6 6. Qe2 Nc6 7. c3 e6 8. d4 d5 9. e5 Ne4 10. Nbd2 Nxd2 11. Bxd2 Be7 12. Rad1 cxd4 13. cxd4 h6 14. a3 O-O 15. g3 a5 16. Kg2 b5 17. Rc1 b4 18. Qd3 bxa3 19. bxa3 Rfb8 20. Rc3 Rb6 21. Rfc1 Rab8 22. h4 a4 23. Nh2 Rb3 24. Ng4 Rxc3 25. Rxc3 h5 26. Ne3 Na5 27. Nc2 Nc4 28. Bg5 Bxg5 29. hxg5 g6 30. Ne3 Nxe3+ 31. Qxe3 Qe7 32. Qc1 Kg7 33. Rc7 Qd8 34. Qc6 Rb3 35. Rc8 Qxg5 36. Qe8 1-0

[Event "December 12 Early 2023"]
[Site "https://www.chess.com"]
[Date "2023.12.12"]
[Round "10"]
[White "Mendez Fortes, Eduardo Jesus"]
[Black "Play, Gilles"]
[Result "0-1"]
[Board "76"]
[TimeControl "180+1"]
[WhiteFideId "3502376"]
[BlackFideId "45130892"]
[WhiteElo "2604"]
[BlackElo "2517"]
[WhiteTeam "CUB"]
[BlackTeam "FRA"]
[WhiteClock "0:01:43"]
[BlackClock "0:00:15"]

1. e4 c6 2. d4 d5 3. e5 c5 4. dxc5 e6 5. a3 Nc6 6. Nf3 Bxc5 7. b4 Bb6 8. Bb2 Nge7 9. Bd3 Ng6 10. b5 Na5 11. h4 Nf4 12. Bf1 Nc4 13. Bxc4 dxc4 14. Qxd8+ Bxd8 15. g3 Nd5 16. Bd4 Bd7 17. a4 a6 18. Nbd2 axb5 19. axb5 Rxa1+ 20. Bxa1 Bxb5 21. Ne4 Ba5+ 22. Kd1 Ke7 23. Bd4 b6 24. Nd6 Bc6 25. Rg1 f6 26. Nxc4 Nc3+ 27. Bxc3 Bxf3+ 28. Kd2 Rd8+ 29. Ke3 Bxc3 30. Kxf3 fxe5 31. Nxb6 Rd2 32. Nc4 Rxc2 33. Ne3 Rd2 34. Rd1 e4+ 35. Kg2 Rxd1 36. Nxd1 Bd4 37. Kf1 Kd6 38. Ke2 Ke5 39. Kd2 h5 40. Ke2 Kf5 41. Kd2 Kg4 42. Ke2 e5 43. Kf1 Kf3 44. Ke1 e3 45. fxe3 Bxe3 46. Nc3 Kxg3 47. Ke2 Bd4 48. Ne4+ Kxh4 49. Kf3 g5 50. Nf6 g4+ 51. Kg2 Kg5 52. Ne4+ Kf4 53. Ng3 h4 54. Nh5+ Kg5 55. Ng7 Be3 56. Ne6+ Kf5 57. Nc7 h3+ 58. Kg3 Bf4+ 59. Kf2 g3+ 60. Kg1 Kg4 61. Nd5 Kf3 62. Kf1 h2 63. Nxf4 h1=R# 0-1

[Event "December 12 Early 2023"]
[Site "https://www.chess.com"]
[Date "2023.12.12"]
[Round "10"]
[White "Parfenov, Viktor N."]
[Black "Banzea, Alexandru-Bogdan"]
[Result "0-1"]
[Board "77"]
[TimeControl "180+1"]
[WhiteFideId "4165969"]
[BlackFideId "1232622"]
[WhiteElo "2513"]
[BlackElo "2590"]
[WhiteTeam "RUS"]
[BlackTeam "ROU"]
[WhiteClock "0:00:22"]
[BlackClock "0:00:07"]

1. e4 c5 2. Nf3 g6 3. c3 d5 4. e5 Nc6 5. Bb5 Bg4 6. Bxc6+ bxc6 7. d4 e6 8. Nbd2 Nh6 9. O-O Nf5 10. h3 Bxf3 11. Nxf3 h5 12. b4 cxb4 13. cxb4 Bxb4 14. Qa4 Be7 15. Qxc6+ Kf8 16. Rb1 Rc8 17. Qa6 Qd7 18. Rb7 Rc7 19. Rxc7 Qxc7 20. Bd2 Kg7 21. Rc1 Qb6 22. Qxb6 axb6 23. Rc7 Ra8 24. g4 hxg4 25. hxg4 Nh4 26. Nxh4 Bxh4 27. Rc2 Ra4 28. Be3 g5 29. Rb2 Kg6 30. Kg2 f5 31. exf6 Kxf6 32. Kf3 Ra3 33. Kg2 Ra4 34. Kf3 Ra3 35. Ke2 Ke7 36. Kf3 Kd7 37. Rxb6 Rxa2 38. Rb7+ Kd6 39. Rg7 Ra3 40. Kg2 Ra2 41. Bxg5 Bxf2 42. Kf3 Bxd4 43. Rg8 e5 44. Rd8+ Kc6 45. Rc8+ Kd7 46. Rd8+ Kc6 47. Rc8+ Kb5 48. Be3 Ra3 49. Rb8+ Kc6 0-1

[Event "December 12 Early 2023"]
[Site "https://www.chess.com"]
[Date "2023.12.12"]
[Round "10"]
[White "Janaszak, Dawid"]
[Black "Berezin, Viktor"]
[Result "0-1"]
[Board "78"]
[TimeControl "180+1"]
[WhiteFideId "1119206"]
[BlackFideId "14107872"]
[WhiteElo "2587"]
[BlackElo "2502"]
[WhiteTeam "POL"]
[BlackTeam "UKR"]
[WhiteClock "0:00:00"]
[BlackClock "0:00:05"]

1. c4 Nf6 2. Nc3 g6 3. g4 d5 4. cxd5 Nxd5 5. Bg2 Nxc3 6. bxc3 Bg7 7. h4 h5 8. gxh5 Rxh5 9. Bf3 Rh8 10. Ba3 Nc6 11. Rb1 Ne5 12. Bg2 c6 13. Nf3 Ng4 14. Qa4 Qc7 15. Nd4 Qf4 16. Bxc6+ Kf8 17. Ne6+ Bxe6 18. Qxf4 bxc6 19. Rb7 Be5 20. Qb4 Kg7 21. Qxe7 Bd5 22. e4 Rae8 23. exd5 Rxe7 24. Rxe7 cxd5 25. Rxa7 d4 26. Bb2 Re8 27. Kf1 d3 28. Rb7 Bf4 29. c4+ Kh6 30. Rxf7 Bxd2 31. Bg7+ Kh5 32. Bd4 Bh6 33. Kg2 d2 34. Bc3 Re2 35. Bxd2 Rxd2 36. c5 Rc2 37. Re1 Rxc5 38. Rh7 Rc2 39. Rf7 Be3 40. Rf1 Rxa2 41. Rh7+ Bh6 42. Kg3 Ra3+ 43. f3 Ne3 44. Re1 Nf5+ 45. Kf2 Ra2+ 46. Kg1 Kxh4 47. Re4+ Kg3 48. Rg4+ Kxf3 49. Rxg6 Be3+ 50. Kh1 Ra1+ 51. Kh2 Bf4+ 52. Rg3+ Bxg3+ 0-1

[Event "December 12 Early 2023"]
[Site "https://www.chess.com"]
[Date "2023.12.12"]
[Round "10"]
[White "Espinoza Villanueva, Rodrigo"]
[Black "Iljin, Timofey"]
[Result "0-1"]
[Board "79"]
[TimeControl "180+1"]
[WhiteFideId "5140188"]
[BlackFideId "14110180"]
[WhiteElo "2585"]
[BlackElo "2501"]
[WhiteTeam "MEX"]
[BlackTeam "UKR"]
[WhiteClock "0:00:33"]
[BlackClock "0:00:22"]

1. Nf3 f5 2. g3 Nf6 3. Bg2 g6 4. O-O Bg7 5. c4 O-O 6. b3 d6 7. d4 Qe8 8. Bb2 Nc6 9. d5 Nb8 10. Nc3 a5 11. Nb5 Na6 12. Qc2 Bd7 13. Nbd4 c5 14. dxc6 bxc6 15. Rfd1 e5 16. Nxc6 Bxc6 17. Rxd6 Be4 18. Qc3 Bxf3 19. Bxf3 e4 20. Bg2 Nh5 21. Qc2 Nb4 22. Qc1 Rd8 23. Rxd8 Qxd8 24. Bxg7 Nxg7 25. a3 Nc6 26. c5 Nd4 27. Bf1 Kh8 28. Qc4 f4 29. b4 axb4 30. axb4 fxg3 31. hxg3 Qf6 32. Bg2 Qxf2+ 33. Kh1 Nxe2 34. Rd1 Nxg3+ 35. Kh2 Qf4 36. Kg1 Qe3+ 37. Kh2 Ne2 38. Qxe4 Qh6+ 39. Bh3 Rf2+ 40. Qg2 Rxg2+ 41. Kxg2 Nf4+ 0-1

[Event "December 12 Early 2023"]
[Site "https://www.chess.com"]
[Date "2023.12.12"]
[Round "10"]
[White "Tasev, Dejan"]
[Black "Kovalevsky, Stanislav"]
[Result "1-0"]
[Board "80"]
[TimeControl "180+1"]
[WhiteFideId "936618"]
[BlackFideId "13508598"]
[WhiteElo "2567"]
[BlackElo "2493"]
[WhiteTeam "SRB"]
[BlackTeam "FID"]
[WhiteClock "0:00:29"]
[BlackClock "0:00:09"]

1. e4 c6 2. d4 d5 3. Nc3 dxe4 4. Nxe4 Nf6 5. Nxf6+ exf6 6. c3 c5 7. Nf3 Nc6 8. Be3 cxd4 9. Nxd4 Nxd4 10. Bxd4 Qe7+ 11. Be2 Bg4 12. f3 Bd7 13. O-O Qd6 14. Qb3 Be7 15. Rad1 Qc7 16. Rfe1 O-O 17. Bd3 Bd6 18. h3 a6 19. Bb1 Rae8 20. Qc2 f5 21. Qd2 Bg3 22. Rxe8 Rxe8 23. Qg5 Be5 24. Bxe5 Rxe5 25. Qd2 Be8 26. Re1 g6 27. Rxe5 Qxe5 28. Kf2 Bc6 29. Qd8+ Kg7 30. Qd4 Kf6 31. g3 g5 32. f4 Qxd4+ 33. cxd4 h6 34. Bc2 Be4 35. Bb3 Ke7 36. Ke3 f6 37. h4 Kd6 38. Bc4 a5 39. a3 b6 40. b4 axb4 41. axb4 Bc6 42. Bd3 Bd7 43. Bc4 Bc6 44. Kd3 Be4+ 45. Kc3 Bd5 46. Bd3 Be4 47. Be2 Bg2 48. Ba6 Bd5 49. Bc8 Be6 50. Bxe6 Kxe6 51. Kc4 Kd6 52. Kb5 Kd5 53. Kxb6 Kxd4 54. b5 Ke3 55. hxg5 fxg5 56. fxg5 hxg5 57. Kc6 Kf3 58. b6 Kxg3 59. b7 f4 60. b8=Q Kg2 61. Qb2+ Kg3 62. Kd5 g4 63. Ke4 f3 64. Ke3 Kh3 65. Qf2 g3 66. Qxf3 Kh2 67. Qh5+ Kg1 68. Kf3 g2 69. Qc5+ Kh1 70. Qh5+ Kg1 71. Kg3 Kf1 72. Qd1# 1-0

[Event "December 12 Early 2023"]
[Site "https://www.chess.com"]
[Date "2023.12.12"]
[Round "10"]
[White "Shukhman, Anna"]
[Black "Yelisieiev, Yevhenii"]
[Result "0-1"]
[Board "81"]
[TimeControl "180+1"]
[WhiteFideId "54180058"]
[BlackFideId "14139642"]
[WhiteElo "2481"]
[BlackElo "2564"]
[WhiteTeam "FID"]
[BlackTeam "GER"]
[WhiteClock "0:00:00"]
[BlackClock "0:00:12"]

1. e4 d6 2. d4 Nf6 3. Nc3 e5 4. Nf3 Nbd7 5. a4 Be7 6. Bc4 O-O 7. O-O c6 8. Re1 a5 9. Bg5 h6 10. Bh4 Nh5 11. Bxe7 Qxe7 12. dxe5 dxe5 13. Ne2 Nc5 14. Ng3 Nxg3 15. hxg3 Bg4 16. Qd2 Bxf3 17. gxf3 Ne6 18. Kg2 Kh8 19. Bxe6 fxe6 20. Qc3 Qg5 21. Rad1 Rf7 22. Rd6 Raf8 23. Rxe6 Rxf3 24. Qxf3 Rxf3 25. Kxf3 Qd2 26. Re8+ Kh7 27. Re2 Qd4 28. b3 b5 29. axb5 cxb5 30. Ra8 a4 31. bxa4 bxa4 32. Kg2 Qc4 33. Re3 Qxc2 34. Kg1 h5 35. Ra7 Kh6 36. Ra6+ Kg5 37. Ra5 Kh6 38. Ra6+ g6 39. Kg2 h4 40. gxh4 Kh5 41. Ra5 Kxh4 42. Rxe5 Qc7 43. Re8 Qc6 44. Rh8+ Kg5 45. Rf8 Qd6 46. Rg3+ Kh6 47. Ra8 Qc6 48. Rg8 Qxe4+ 49. Kh2 Kh7 50. R8xg6 Qxg6 0-1

[Event "December 12 Early 2023"]
[Site "https://www.chess.com"]
[Date "2023.12.12"]
[Round "10"]
[White "Lehtosaari, Mauri"]
[Black "Santos Flores, Alberto"]
[Result "0-1"]
[Board "82"]
[TimeControl "180+1"]
[WhiteFideId "501999"]
[BlackFideId "3601234"]
[WhiteElo "2480"]
[BlackElo "2558"]
[WhiteTeam "FIN"]
[BlackTeam "ECU"]
[WhiteClock "0:00:43"]
[BlackClock "0:01:32"]

1. e4 e6 2. d4 d5 3. exd5 exd5 4. c4 Nf6 5. Nc3 c6 6. Bd3 Be7 7. Nf3 dxc4 8. Bxc4 O-O 9. O-O Nbd7 10. h3 Nb6 11. Bd3 Nbd5 12. Bg5 h6 13. Bh4 Re8 14. a3 Be6 15. Rc1 Nxc3 16. Rxc3 Nd5 17. Bxe7 Nxc3 18. Bh7+ Kh8 19. Bxd8 Nxd1 20. Rxd1 Raxd8 21. Bb1 f6 22. Bg6 Re7 23. Re1 Rdd7 24. Bb1 Bd5 25. Rd1 Bxf3 26. gxf3 Re2 27. Bg6 Rxb2 28. Re1 Rd8 29. Re7 a5 30. h4 a4 31. h5 b5 32. Rc7 Rb3 33. Rxc6 Rxa3 34. d5 Ra1+ 35. Kg2 Rd1 36. Bf7 a3 37. Ra6 b4 0-1

[Event "December 12 Early 2023"]
[Site "https://www.chess.com"]
[Date "2023.12.12"]
[Round "10"]
[White "Hajiyev, Kanan"]
[Black "Lopez Idarraga, Daniel Eduardo"]
[Result "1-0"]
[Board "83"]
[TimeControl "180+1"]
[WhiteFideId "13404148"]
[BlackFideId "4405501"]
[WhiteElo "2553"]
[BlackElo "2466"]
[WhiteTeam "AZE"]
[BlackTeam "COL"]
[WhiteClock "0:02:11"]
[BlackClock "0:01:56"]

1. d4 d5 2. c4 c6 3. cxd5 cxd5 4. Nc3 Nc6 5. Nf3 Nf6 6. Bg5 e6 7. e3 Be7 8. Bd3 O-O 9. O-O a6 10. Rc1 Bd7 11. a3 b5 12. Qc2 h6 13. Bh4 Na5 14. Ne5 Nc4 15. Qe2 Rc8 16. Bb1 Be8 17. Rfd1 Nd7 18. Bxe7 Qxe7 19. Nxc4 bxc4 20. e4 Qd6 21. e5 Qe7 22. f4 f5 23. exf6 Nxf6 24. Re1 Bf7 25. f5 Rfe8 26. fxe6 Qxe6 27. Qxe6 Rxe6 28. Re5 Rxe5 29. dxe5 Nd7 30. Bf5 Rd8 31. e6 1-0

[Event "December 12 Early 2023"]
[Site "https://www.chess.com"]
[Date "2023.12.12"]
[Round "10"]
[White "Kotlyar, Kirill"]
[Black "Skibbe, Willi"]
[Result "0-1"]
[Board "84"]
[TimeControl "180+1"]
[WhiteFideId "24145599"]
[BlackFideId "4682190"]
[WhiteElo "2552"]
[BlackElo "2318"]
[WhiteTeam "RUS"]
[BlackTeam "GER"]
[WhiteClock "0:00:16"]
[BlackClock "0:00:29"]

1. e4 e6 2. Nf3 d5 3. Nc3 Nf6 4. e5 Nfd7 5. d4 c5 6. dxc5 Nc6 7. Bf4 Nxc5 8. Bb5 Be7 9. h4 Bd7 10. Rh3 a6 11. Bxc6 Bxc6 12. Rg3 g6 13. h5 Qb6 14. Rb1 Ne4 15. Nxe4 dxe4 16. Nd2 Rd8 17. a3 O-O 18. hxg6 fxg6 19. Be3 Bc5 20. Qg4 Rf5 21. Rh3 Bxe3 22. Rxe3 Qd4 23. Rd1 Qxb2 24. Qh4 Rdf8 25. Rh3 R5f7 26. Nc4 Qxc2 27. Nd6 Qxf2+ 28. Qxf2 Rxf2 29. Rb1 Rf1+ 30. Kd2 Rxb1 0-1

[Event "December 12 Early 2023"]
[Site "https://www.chess.com"]
[Date "2023.12.12"]
[Round "10"]
[White "Monpeurt, Cyrielle"]
[Black "Leenhouts, Koen"]
[Result "0-1"]
[Board "85"]
[TimeControl "180+1"]
[WhiteFideId "677400"]
[BlackFideId "1008439"]
[WhiteElo "2283"]
[BlackElo "2540"]
[WhiteTeam "FRA"]
[BlackTeam "NED"]
[WhiteClock "0:01:50"]
[BlackClock "0:02:23"]

1. Nf3 Nf6 2. b3 g6 3. Bb2 Bg7 4. e4 O-O 5. e5 Nd5 6. c4 Nb6 7. d4 d6 8. Qe2 Nc6 9. d5 Nxe5 10. Nxe5 dxe5 11. Bxe5 e6 12. Bxg7 Kxg7 13. dxe6 Bxe6 14. Qe5+ f6 15. Qe3 Re8 16. Be2 Bg4 17. Bxg4 Rxe3+ 18. fxe3 f5 19. Bf3 Qf6 20. O-O Qxa1 0-1

[Event "December 12 Early 2023"]
[Site "https://www.chess.com"]
[Date "2023.12.12"]
[Round "10"]
[White "Wu, Derek"]
[Black "Garrido, Denis"]
[Result "1-0"]
[Board "86"]
[TimeControl "180+1"]
[WhiteFideId "30914558"]
[BlackFideId "601217"]
[WhiteElo "2675"]
[BlackElo "2431"]
[WhiteTeam "USA"]
[BlackTeam "FRA"]
[WhiteClock "0:00:34"]
[BlackClock "0:00:10"]

1. e4 e6 2. d4 c5 3. Nf3 cxd4 4. Nxd4 Nf6 5. Nc3 d6 6. g4 a6 7. g5 Nfd7 8. Be3 b5 9. a3 Bb7 10. h4 Nc5 11. Bg2 Nc6 12. Qe2 Rc8 13. Nxc6 Bxc6 14. O-O-O Qc7 15. h5 Qb7 16. Bxc5 dxc5 17. g6 b4 18. gxf7+ Qxf7 19. axb4 cxb4 20. Nd5 Bc5 21. h6 g6 22. Rh3 O-O 23. Rf3 exd5 24. Rxf7 Rxf7 25. exd5 Bb5 26. Qe6 Re8 27. Qg4 Rxf2 28. d6 Bxd6 29. Rxd6 Re1+ 30. Rd1 Ree2 31. Bd5+ Kf8 32. Qc8+ Ke7 33. Qc7+ Kf6 34. Qg7+ Kg5 35. Rg1+ Kf4 36. Qf6+ Ke3 37. Rg3+ 1-0

[Event "December 12 Early 2023"]
[Site "https://www.chess.com"]
[Date "2023.12.12"]
[Round "10"]
[White "Porozhnyak, Maya"]
[Black "Ambartsumova, Karina"]
[Result "0-1"]
[Board "87"]
[TimeControl "180+1"]
[WhiteFideId "34115843"]
[BlackFideId "4166299"]
[WhiteElo "2429"]
[BlackElo "2619"]
[WhiteTeam "RUS"]
[BlackTeam "RUS"]
[WhiteClock "0:00:01"]
[BlackClock "0:00:09"]

1. e4 e5 2. Nf3 Nc6 3. d4 exd4 4. c3 d5 5. exd5 Qxd5 6. Nxd4 Nxd4 7. cxd4 Nf6 8. Nc3 Qd8 9. Be2 Be7 10. O-O O-O 11. Re1 c6 12. Bg5 Be6 13. Bf3 h6 14. Be3 Re8 15. Qc2 Nd5 16. Nxd5 Bxd5 17. Bxd5 Qxd5 18. Rad1 Qxa2 19. Rd3 Qd5 20. h3 a5 21. Red1 Bb4 22. Bf4 Re6 23. Rg3 Rae8 24. Kh2 Bd6 25. Qc1 Re4 26. Bxd6 Qxd6 27. Qc3 a4 28. d5 g6 29. Qd2 h5 30. dxc6 Qxc6 31. Rc3 Qe6 32. Qd7 Qe5+ 33. g3 b5 34. Rd5 Qf6 35. Rc2 Re2 36. Rxe2 Rxe2 37. Qd8+ Qxd8 38. Rxd8+ Kg7 39. Kg2 Rxb2 40. Ra8 Rb3 41. g4 hxg4 42. hxg4 a3 43. f3 b4 44. Kg3 Rb2 45. Kf4 a2 46. g5 b3 47. Ra3 Rb1 0-1

[Event "December 12 Early 2023"]
[Site "https://www.chess.com"]
[Date "2023.12.12"]
[Round "10"]
[White "Rios Escobar, Adan"]
[Black "Khamdamova, Afruza"]
[Result "0-1"]
[Board "88"]
[TimeControl "180+1"]
[WhiteFideId "3403645"]
[BlackFideId "14210444"]
[WhiteElo "2424"]
[BlackElo "2529"]
[WhiteTeam "CHI"]
[BlackTeam "UZB"]
[WhiteClock "0:00:00"]
[BlackClock "0:01:41"]

1. Nf3 d5 2. e3 Nf6 3. c4 e6 4. Nc3 c5 5. cxd5 exd5 6. d4 c4 7. Be2 Nc6 8. O-O Be7 9. b3 cxb3 10. Qxb3 O-O 11. Ne5 Na5 12. Qc2 Be6 13. Bd2 Rc8 14. Rfc1 a6 15. Qd1 b5 16. Be1 Nc4 17. Nxc4 bxc4 18. Rcb1 Qc7 19. Bf3 Bd6 20. g3 Rb8 21. h4 h6 22. e4 dxe4 23. Nxe4 Nxe4 24. Bxe4 Rxb1 25. Rxb1 Rb8 26. Qf3 Rxb1 27. Bxb1 Qb8 28. Qe4 g6 29. g4 Bxg4 30. Qxg4 Qxb1 31. Qc8+ Kg7 32. Qe8 Bb4 33. Qe5+ Kh7 34. Kf1 Bxe1 35. Qxe1 Qd3+ 36. Kg1 Qxd4 37. Qe7 Kg7 0-1

[Event "December 12 Early 2023"]
[Site "https://www.chess.com"]
[Date "2023.12.12"]
[Round "10"]
[White "Yashmetov, Mikhail"]
[Black "Marchesich, Giovanni"]
[Result "1-0"]
[Board "89"]
[TimeControl "180+1"]
[WhiteFideId "24198900"]
[BlackFideId "2824790"]
[WhiteElo "2499"]
[BlackElo "2422"]
[WhiteTeam "RUS"]
[BlackTeam "ITA"]
[WhiteClock "0:01:36"]
[BlackClock "0:01:17"]

1. f4 g6 2. Nf3 Nh6 3. e4 f6 4. g3 Nf7 5. Bg2 Bg7 6. O-O O-O 7. d4 d6 8. Nc3 c6 9. Re1 Na6 10. b3 Nc7 11. Bb2 e5 12. Qd2 Bg4 13. Rad1 Qe7 14. h3 Be6 15. Ne2 Rad8 16. Qe3 b6 17. c4 h6 18. Qf2 Bc8 19. g4 Ne6 20. Nh4 Nh8 21. f5 Ng5 22. fxg6 Qe8 23. Ng3 Nxg6 24. Nxg6 Qxg6 25. Nf5 h5 26. Ne7+ Kh7 27. Nxg6 Kxg6 28. dxe5 fxe5 29. Qe3 h4 30. Rf1 Ne6 31. Rf5 Bh6 32. Qf2 Nf4 33. Bf1 Bxf5 34. exf5+ Kf6 35. Qe3 Rfe8 36. Qe4 d5 37. Qe1 Bg5 38. cxd5 cxd5 39. Rc1 Rd6 40. Rc7 d4 41. Ba3 Rdd8 42. Qe4 d3 43. Qc6+ Ne6 44. Bxd3 Rxd3 45. Qxe8 Rd1+ 46. Kf2 Nxc7 47. Qe7# 1-0

[Event "December 12 Early 2023"]
[Site "https://www.chess.com"]
[Date "2023.12.12"]
[Round "10"]
[White "Ovezdurdyyeva, Jemal"]
[Black "Rangel, Daniel"]
[Result "1-0"]
[Board "90"]
[TimeControl "180+1"]
[WhiteFideId "14001888"]
[BlackFideId "2124475"]
[WhiteElo "2420"]
[BlackElo "2498"]
[WhiteTeam "TKM"]
[BlackTeam "BRA"]
[WhiteClock "0:01:42"]
[BlackClock "0:00:19"]

1. e4 c5 2. Nf3 g6 3. c3 Bg7 4. Bd3 Nc6 5. O-O e6 6. Bc2 Nge7 7. d4 cxd4 8. cxd4 d5 9. Nc3 dxe4 10. Nxe4 h6 11. Be3 Nf5 12. Qe2 Ncxd4 13. Nxd4 Nxd4 14. Bxd4 Qxd4 15. Rad1 Qb6 16. Nd6+ Ke7 17. Qf3 Bf6 18. Qa3 Qxb2 19. Nxc8+ Ke8 20. Ba4+ b5 21. Bxb5+ 1-0

[Event "December 12 Early 2023"]
[Site "https://www.chess.com"]
[Date "2023.12.12"]
[Round "10"]
[White "Parra Gomez, Adrian"]
[Black "Herman, Matthew"]
[Result "0-1"]
[Board "91"]
[TimeControl "180+1"]
[WhiteFideId "3513106"]
[BlackFideId "2028964"]
[WhiteElo "2420"]
[BlackElo "2497"]
[WhiteTeam "CUB"]
[BlackTeam "USA"]
[WhiteClock "0:00:13"]
[BlackClock "0:00:11"]

1. d4 Nf6 2. c4 g6 3. Nc3 Bg7 4. e4 d6 5. Be2 O-O 6. Be3 Nbd7 7. Nf3 e5 8. O-O Ng4 9. Bg5 f6 10. Bh4 Nh6 11. dxe5 dxe5 12. Qd5+ Nf7 13. Rfd1 c6 14. Qd2 Qe7 15. a3 Nc5 16. Qc2 a5 17. h3 a4 18. Nd2 Qc7 19. Na2 Nd8 20. Nb4 Nde6 21. Nf3 Nb3 22. Rab1 Nec5 23. Nd3 Ne6 24. c5 Ra5 25. Bg3 Kh8 26. Qc4 Nexc5 27. Nxc5 Nxc5 28. Nd4 Nxe4 29. Ne6 Bxe6 30. Qxe6 Nc5 31. Qc4 Qe7 32. Qb4 Raa8 33. Rbc1 b6 34. Qxb6 Ne4 35. Qxc6 Nxg3 36. fxg3 Rfd8 37. Bf3 Rxd1+ 38. Rxd1 Rb8 39. Qxa4 f5 40. Rd7 Qf6 41. Rb7 Rxb7 42. Bxb7 h5 43. Qe8+ Kh7 44. b4 e4 45. b5 Qa1+ 46. Kh2 Qxa3 47. Bd5 Qd6 48. Qg8+ Kh6 49. Qe6 Qxe6 50. Bxe6 Bd4 51. Bc4 Kg7 52. g4 hxg4 53. hxg4 f4 54. Kh1 Kf6 55. Bd5 Ke5 56. Bf7 g5 57. Bc4 Bb6 58. g3 f3 59. Kh2 Kd4 60. Be6 Kd3 61. Kh1 e3 62. Kh2 f2 63. Bf5+ Ke2 64. Be6 f1=Q 65. Bc4+ Kf2 66. Bxf1 Kxf1 67. Kh3 e2 68. Kh2 e1=Q 69. Kh3 Qe3 70. Kh2 Qf2+ 71. Kh3 Qg2# 0-1

[Event "December 12 Early 2023"]
[Site "https://www.chess.com"]
[Date "2023.12.12"]
[Round "10"]
[White "Matveeva, Olga"]
[Black "Azali, Tannaz"]
[Result "0-1"]
[Board "92"]
[TimeControl "180+1"]
[WhiteFideId "24107018"]
[BlackFideId "12537721"]
[WhiteElo "2415"]
[BlackElo "2490"]
[WhiteTeam "RUS"]
[BlackTeam "IRI"]
[WhiteClock "0:00:11"]
[BlackClock "0:00:44"]

1. d4 Nf6 2. c4 e6 3. g3 d5 4. Nf3 dxc4 5. Bg2 Bd7 6. Ne5 Bc6 7. Nxc6 Nxc6 8. Bxc6+ bxc6 9. O-O c5 10. dxc5 Qxd1 11. Rxd1 Bxc5 12. Nd2 O-O-O 13. Rf1 c3 14. bxc3 h5 15. h4 Ng4 16. Nb3 Bd6 17. c4 c6 18. Bb2 Rhg8 19. Bd4 g5 20. hxg5 Rxg5 21. Kg2 h4 22. Rab1 hxg3 23. fxg3 f5 24. Bxa7 c5 25. Rf3 Ne5 26. Rc3 Nd7 27. Na5 Rdg8 28. Rbb3 f4 29. Nb7 Bc7 30. a4 fxg3 31. Rd3 Rf8 32. Nd6+ Bxd6 33. Rxd6 Rf2+ 34. Kg1 Rxe2 35. Rc6+ Kd8 36. Rd3 g2 37. Bb6+ Ke7 38. Rd1 Ne5 39. Rc7+ Kf6 40. Bxc5 Nf3# 0-1